 Dungeon Crawl Stone Soup version 0.29.0-13-gc9e81de378 (webtiles) character file.

Game seed: 5920909520463358189

28903 Sobieck the Grappler (level 13, -3/133 HPs)
             Began as a Troll Fighter on Sept 8, 2022.
             Was a Priest of the Shining One.
             Slain by a 13-headed hydra (8 damage)
             ... on level 5 of the Lair of Beasts.
             The game lasted 00:22:57 (11195 turns).

Sobieck the Grappler (Troll Fighter)               Turns: 11195, Time: 00:22:58

Health: -3/133     AC: 12    Str: 31    XL:     13   Next: 12%
Magic:  14/17      EV:  8    Int:  4    God:    the Shining One [***...]
Gold:   510        SH: 16    Dex:  9    Spells: 12/12 levels left

rFire   + . .      SeeInvis .     - Unarmed
rCold   . . .      Faith    .   t - +0 kite shield
rNeg    + . .      Spirit   .   c - +2 robe {Will+}
rPois   .          Reflect  .   y - +2 hat
rElec   .          Harm     .   n - scarf {repulsion}
rCorr   .          Rampage  .   (gloves unavailable)
Will    +....                   (boots unavailable)
Stlth   +.........              (no amulet)
HPRegen 1.12/turn               F - ring of protection from fire
MPRegen 0.15/turn               W - +4 ring of protection

@: divinely shielded, glowing, repel missiles
A: large, unfitting armour, claws 3, regeneration 1, shaggy fur 1, tough skin 1
a: Renounce Religion, Divine Shield, Cleansing Flame


You were on level 5 of the Lair of Beasts.
You worshipped the Shining One.
The Shining One was most pleased with you.
You visited 2 branches of the dungeon, and saw 14 of its levels.

You collected 790 gold pieces.
You spent 280 gold pieces at shops.


Innate Abilities, Weirdness & Mutations

You are too large for most types of armour.
You have claws for hands.
Your natural rate of healing is unusually fast.
You are covered in fur. (AC +1)
You have tough skin. (AC +1)


   Skills:
 + Level 10.2 Fighting
 + Level 6.7 Throwing
 - Level 2.4 Dodging
 - Level 2.6 Shields
 - Level 14.1 Unarmed Combat
 + Level 6.8 Invocations
 + Level 4.5 Evocations


You had 12 spell levels left.
You didn't know any spells.
Your spell library contained the following spells:

 Spells                   Type           Power      Damage    Failure   Level
 Freeze                   Ice            0%         1d3       80%         1
 Sting                    Tmut/Pois      0%         1d3       80%         1
 Ensorcelled Hibernation  Hex/Ice        0%         N/A       91%         2
 Poisonous Vapours        Pois/Air       0%         N/A       91%         2
 Frozen Ramparts          Ice            0%         1d1       99%         3
 Spider Form              Tmut/Pois      0%         N/A       99%         3
 Anguish                  Hex/Necr       0%         N/A       100%        4
 Hailstorm                Conj/Ice       0%         3d3       100%        4
 Olgreb's Toxic Radiance  Pois           0%         N/A       100%        4

Inventory:

Hand Weapons
 b - a +1 sling of venom
   (You took it off a goblin on level 2 of the Dungeon)
 d - a +0 whip {mace}
   (You took it off a kobold on level 1 of the Dungeon)
 e - a +0 club {mace}
   (You took it off a kobold on level 1 of the Dungeon)
 f - a +0 dagger {short}
   (You took it off a kobold on level 1 of the Dungeon)
 M - a +0 broad axe {axe}
   (You found it on level 1 of the Lair of Beasts)
Missiles
 h - 16 poisoned darts (quivered) {throwing}
 o - 123 stones {throwing}
 C - 13 boomerangs {throwing}
 I - a throwing net {=f!fthrowing}
 N - 6 curare-tipped darts {=fthrowing}
Armour
 a - a +0 robe
 c - a +2 robe of willpower (worn)
   (You took it off Dowan on level 5 of the Dungeon)
 n - a scarf of repulsion (worn)
   (You found it on level 2 of the Lair of Beasts)
 r - a +0 animal skin
   (You took it off Robin on level 2 of the Dungeon)
 t - a +0 kite shield (worn)
 u - a +0 robe
   (You found it on level 4 of the Dungeon)
 y - a +2 hat (worn)
   (You found it on level 2 of the Dungeon)
 B - a +0 robe
   (You found it on level 8 of the Dungeon)
 O - a +0 robe
   (You took it off a wight on level 8 of the Dungeon)
 R - a +0 robe
   (You took it off a wight on level 8 of the Dungeon)
 V - a +0 robe
   (You took it off an orc wizard on level 8 of the Dungeon)
 X - a +0 robe
   (You took it off an orc wizard on level 8 of the Dungeon)
 Y - a +0 robe
   (You found it on level 8 of the Dungeon)
 Z - a +0 robe
   (You took it off an orc wizard on level 9 of the Dungeon)
Magical Staves
 H - a staff of cold {!astaff}
   (You found it on level 6 of the Dungeon)
Jewellery
 F - a ring of protection from fire (left claw)
   (You found it on level 4 of the Dungeon)
 U - a ring of positive energy
   (You found it on level 8 of the Dungeon)
 W - a +4 ring of protection (right claw)
   (You found it on level 1 of the Lair of Beasts)
Wands
 w - a wand of roots (13)
   (You took it off Robin on level 2 of the Dungeon)
 E - a wand of paralysis (28)
   (You found it on level 3 of the Dungeon)
Scrolls
 i - 2 scrolls of noise {!r}
 m - 9 scrolls of teleportation {@r4}
 p - 3 scrolls of immolation {!r!r}
 q - a scroll of identify {@r1}
 v - a scroll of butterflies
 x - a scroll of vulnerability {!r!r}
 z - 3 scrolls of fear
 A - a scroll of brand weapon
 G - a scroll of magic mapping {!r}
 P - a scroll of poison {!r}
Potions
 g - 3 potions of curing {@q1}
 j - a potion of haste {@q3}
 k - 2 potions of flight
 l - 3 potions of magic
 s - 2 potions of lignification {!q}
 D - 2 potions of ambrosia
 J - a potion of might
 K - 2 potions of degeneration {!q@e2}
 L - a potion of attraction {!q}
 Q - a potion of mutation {!q}
 S - a potion of berserk rage {!q}
 T - 4 potions of brilliance

Dungeon Overview and Level Annotations

Branches:
Dungeon (10/15) Zot: 26147  Temple (0/1) D:6            Lair (3/5) D:10 Zot: 21495
 Shoals (0/4) Lair:2       Spider (0/4) Lair:2
    Orc: D:9-12

Altars:
Qazlal
Ru
Sif Muna
Xom
The Shining One

Shops:
D:1 ?   D:10 !

Annotations:
D:4 1 runed translucent door, Crazy Yiuf
Lair:2 Urug

,*,**,,,,*.....,P.##P.,,*,,,,*
,,**,,,,,*#..........,,,,,,,,**
,**,,,..............,,,,,,,,,,**
,,,,*,..#..#.......,,,,,,,,,,*,*
,*,**,.....#......,,,,,,,,,,,,**
,,,,........#..#.#*,,,*,,,,,,,*
*,,*F....#....SF.#*****,,,,,,,*
,,*F.⌠.⌠.....#.D## **,,,,,,*
,,,,.....,#..#.#@# *,,,,,,**
,,*,..<...#.Y..### **....#.*
,,*,......#FY### *P.....#*
,,*,.⌠.⌠..Y.h#### ##.....#
*,,*......hY###.########P....##
*,,,..........................#
,*,,#...##Y.#................P#
,,,,###,#D.#..................#
,,,,,,,.$....................##


You could see a 13-headed hydra, a blink frog and a water moccasin.


Message History

You closely miss the water moccasin. The water moccasin bites you.
You mangle the water moccasin!!
You kill the water moccasin!
You scratch the yak. The yak gores you but does no damage.
You mangle the yak!! The yak barely misses you.
You scratch the yak. You block the yak's attack.
You mangle the yak!!
You kill the yak!
The wolf bites you but does no damage.
You closely miss the wolf. The wolf bites you but does no damage.
You mangle the wolf!!
You kill the wolf!
The wolf bites you but does no damage.
You mangle the wolf!!
You kill the wolf!
The blink frog blinks!
You mangle the yak!!
You hear a loud, deep croak!
You hear an angry hiss.
You hear a croak.
You tear one of the eight-headed hydra's heads off!
The seven-headed hydra grows two more!
You claw the nine-headed hydra!
The nine-headed hydra barely misses you.
The nine-headed hydra bites you!
You block the nine-headed hydra's attack.
The nine-headed hydra bites you! The nine-headed hydra bites you.
The nine-headed hydra bites you but does no damage.
The nine-headed hydra bites you. x2
The nine-headed hydra barely misses you.
You rip one of the nine-headed hydra's heads off!
The eight-headed hydra grows two more!
You mangle the ten-headed hydra!!
You hear a loud, deep croak!
You hear a howl!
You hear a croak.
The ten-headed hydra bites you!
You block the ten-headed hydra's attack.
The ten-headed hydra bites you.
The ten-headed hydra completely misses you.
You block the ten-headed hydra's attack.
The ten-headed hydra bites you but does no damage.
The ten-headed hydra bites you. The ten-headed hydra bites you!
The ten-headed hydra barely misses you. The ten-headed hydra bites you.
The blink frog blinks!
You are too injured to fight recklessly!
You are too injured to fight recklessly!
Activating: Cleansing Flame (28% risk of failure)
Press: ? - help, Dir - look around, f - activate
Okay, then.
Unknown command.
Your shield is strengthened by the Shining One's divine power.
A water moccasin comes into view.
You block the ten-headed hydra's attack.
The ten-headed hydra closely misses you.
You block the ten-headed hydra's attack.
The ten-headed hydra bites you but does no damage. x3
You block the ten-headed hydra's attack.
The ten-headed hydra bites you! The ten-headed hydra barely misses you.
The ten-headed hydra bites you!
* * * LOW HITPOINT WARNING * * *
Unknown command.
Unknown command.
You completely miss the ten-headed hydra.
The ten-headed hydra bites you.
* * * LOW HITPOINT WARNING * * *
You block the ten-headed hydra's attack.
The ten-headed hydra bites you!
* * * LOW HITPOINT WARNING * * *
The ten-headed hydra bites you.
* * * LOW HITPOINT WARNING * * *
The ten-headed hydra bites you but does no damage. x3
You block the ten-headed hydra's attack.
The ten-headed hydra bites you!
* * * LOW HITPOINT WARNING * * *
You block the ten-headed hydra's attack.
You tear one of the ten-headed hydra's heads off!
The nine-headed hydra grows two more!
You mangle the 11-headed hydra!!
You hear a howl!
You hear a loud, deep croak! x2
Unknown command.
You tear one of the 11-headed hydra's heads off!
The ten-headed hydra grows two more!
You mangle the 12-headed hydra!!
The 12-headed hydra completely misses you.
The 12-headed hydra barely misses you.
The 12-headed hydra bites you but does no damage.
You block the 12-headed hydra's attack. x2
The 12-headed hydra bites you but does no damage. x2
The 12-headed hydra barely misses you. The 12-headed hydra bites you.
* * * LOW HITPOINT WARNING * * *
The 12-headed hydra bites you!
* * * LOW HITPOINT WARNING * * *
You block the 12-headed hydra's attack. The 12-headed hydra barely misses you.
Unknown command.
You rip one of the 12-headed hydra's heads off!
The 11-headed hydra grows two more!
You mangle the 13-headed hydra!!
The 13-headed hydra bites you but does no damage.
The 13-headed hydra bites you.
* * * LOW HITPOINT WARNING * * *
The 13-headed hydra bites you.
* * * LOW HITPOINT WARNING * * *
You block the 13-headed hydra's attack. x2; The 13-headed hydra bites you!
* * * LOW HITPOINT WARNING * * *
You block the 13-headed hydra's attack. x2; The 13-headed hydra bites you.
* * * LOW HITPOINT WARNING * * *
You block the 13-headed hydra's attack. The 13-headed hydra bites you!
You die...

Skill      XL: |  1  2  3  4  5  6  7  8  9 10 11 12 |
---------------+-------------------------------------+-----
Unarmed Combat | 3 4 5 6 9 10 14 | 14.1
Throwing       | 3 4 5 6 |  6.7
Invocations    | 3 4 5 6 |  6.8
Evocations     | 1 2 3 4 |  4.5
Fighting       | 3 7 9 10 | 10.2
Dodging        | |  2.4
Shields        | |  2.6

Action                   |  1- 3 |  4- 6 |  7- 9 | 10-12 | 13-15 || total
-------------------------+-------+-------+-------+-------+-------++-------
Melee: Unarmed           |    93 |   101 |   178 |   281 |    30 ||   683
 Fire: Sling             |    17 |    66 |   122 |   101 |       ||   306
Invok: Divine Shield     |       |       |       |     2 |     1 ||     3
Evoke: Wand              |       |       |       |       |     1 ||     1
  Use: Scroll            |     1 |    13 |     2 |     6 |     1 ||    23
       Potion            |       |       |     1 |     3 |       ||     4
Armor: Robe              |    23 |    43 |    55 |    83 |    19 ||   223
Dodge: Dodged            |    35 |    32 |    63 |    91 |    16 ||   237
Block: Kite shield       |    31 |    33 |    65 |    88 |    24 ||   241

Levels and vault maps discovered:
D:1:      minmay_arrival_doors, layout_rooms, serial_shops,
          nicolae_shop_hallway_stairs
D:2:      layout_basic, basic_altar, uniq_robin
D:3:      layout_loops_corners, hellmonk_ecumenical_altar_prayer_group,
          minivault_25, uniq_natasha
D:4:      layout_loops_ring, grunt_temple_overflow_open, uniq_eustachio,
          uniq_crazy_yiuf_cottage, uniq_pikel, uniq_menkaure
D:5:      layout_loops_ring, uniq_duvessa
D:6:      layout_cave_pods, temple_statues
D:7:      layout_basic
D:8:      layout_loops_ring, uniq_erica
D:9:      layout_irregular_city, grunt_decor_clamped, minmay_starry_boxes,
          uniq_erolcha
D:10:     layout_roguey, dpeg_oklobed_lair, serial_shops, shop,
          chequers_serial_rivers_small_3
Lair:1:   layout_cave_pods, basic_altar
Lair:2:   layout_regular_city, minmay_shoals_entry_lonely_mermaid,
          spider_nest_entry_a, kennysheep_rathole
Lair:3:   layout_chaotic_city, portal_ice_cave_rime, beast_lair_carwin_8,
          uniq_sonja, uniq_urug
Lair:5:   minmay_lair_end_enchanted_forest, layout_long_grid, grunt_megastairs_2

Notes
Turn   | Place    | Note
-------+----------+-------------------------------------------
     0 | D:1      | Sobieck the Troll Fighter began the quest for the Orb.
     0 | D:1      | Reached XP level 1. HP: 22/22 MP: 0/0
    70 | D:1      | Reached XP level 2. HP: 29/29 MP: 1/1
   102 | D:1      | Reached skill level 3 in Unarmed Combat
   246 | D:1      | Found Meilov's Magic Scroll Shop.
   251 | D:1      | Bought a scroll of identify for 28 gold pieces
   331 | D:1      | Reached XP level 3. HP: 36/36 MP: 2/2
   712 | D:2      | Reached skill level 4 in Unarmed Combat
   969 | D:2      | Reached XP level 4. HP: 44/44 MP: 3/3
   974 | D:2      | Found a shimmering blue altar of Sif Muna.
  1142 | D:2      | Noticed Robin
  1211 | D:2      | Killed Robin
  1625 | D:3      | Reached skill level 5 in Unarmed Combat
  1708 | D:3      | Noticed Natasha
  1716 | D:3      | Killed Natasha
  1717 | D:3      | Reached XP level 5. HP: 42/50 MP: 4/4
  1732 | D:3      | You pick up a book of Frost and begin reading...
  1732 | D:3      | You add the spells Freeze, Frozen Ramparts and Hailstorm to
                  | your library.
  1763 | D:3      | Found a faded altar of an unknown god.
  2192 | D:3      | Noticed Natasha
  2199 | D:3      | Killed Natasha
  2213 | D:3      | Reached skill level 6 in Unarmed Combat
  2217 | D:3      | Noticed Natasha
  2225 | D:3      | Killed Natasha
  2266 | D:4      | Noticed Menkaure
  2299 | D:4      | Killed Menkaure
  2300 | D:4      | Reached XP level 6. HP: 50/59 MP: 5/5
  2322 | D:4      | Reached skill level 7 in Unarmed Combat
  2568 | D:4      | Noticed Pikel
  2580 | D:4      | Killed Pikel
  2581 | D:4      | Reached skill level 9 in Unarmed Combat
  2581 | D:4      | Reached XP level 7. HP: 44/66 MP: 6/6
  2611 | D:4      | Found a glowing golden altar of the Shining One.
  2612 | D:4      | Found a sacrificial altar of Ru.
  2613 | D:4      | Found a shimmering altar of Xom.
  2633 | D:4      | Became a worshipper of the Shining One
  2763 | D:4      | Noticed Eustachio
  2777 | D:4      | Killed Eustachio
  2778 | D:4      | Reached XP level 8. HP: 74/74 MP: 7/7
  2794 | D:4      | You pick up a book of Dreams and begin reading...
  2794 | D:4      | You add the spells Ensorcelled Hibernation, Spider Form and
                  | Anguish to your library.
  3202 | D:4      | Found a runed translucent door.
  3203 | D:4      | Noticed Crazy Yiuf
  3234 | D:5      | Entered Level 5 of the Dungeon
  3243 | D:4      | Reached skill level 10 in Unarmed Combat
  3499 | D:5      | Noticed Dowan
  3612 | D:6      | Reached skill level 1 in Throwing
  3612 | D:6      | Reached skill level 1 in Invocations
  3758 | D:5      | Reached skill level 1 in Evocations
  3768 | D:5      | Noticed Duvessa
  3779 | D:5      | Reached skill level 3 in Fighting
  3782 | D:5      | Killed Duvessa
  3783 | D:5      | Reached skill level 2 in Throwing
  3783 | D:5      | Reached skill level 2 in Invocations
  3786 | D:5      | Killed Dowan
  4110 | D:6      | Found a staircase to the Ecumenical Temple.
  4362 | D:6      | Reached skill level 3 in Throwing
  4362 | D:6      | Reached skill level 3 in Invocations
  4364 | D:6      | Reached XP level 9. HP: 84/84 MP: 10/10
  4449 | D:6      | Reached * piety under the Shining One
  4456 | D:6      | Reached skill level 4 in Fighting
  5171 | D:7      | Reached skill level 4 in Invocations
  5176 | D:7      | Reached skill level 4 in Throwing
  5367 | D:7      | Reached skill level 5 in Fighting
  5574 | D:7      | Reached skill level 6 in Fighting
  6044 | D:8      | Reached skill level 7 in Fighting
  6143 | D:8      | Found the +7 Throatcutter {drain, coup de grace}
  6149 | D:8      | Noticed Erica
  6175 | D:8      | HP: 13/90 [Erica/bolt of poison (15)]
  6176 | D:8      | Killed Erica
  6177 | D:8      | Reached XP level 10. HP: 10/104 MP: 12/12
  6178 | D:8      | HP: 5/104 [poisoned by Erica (bolt of poison)]
  6454 | D:8      | Reached skill level 8 in Fighting
  6907 | D:9      | Reached skill level 9 in Fighting
  6970 | D:9      | Paralysed by a hornet for 3 turns
  7068 | D:9      | Reached ** piety under the Shining One
  7618 | D:9      | Noticed Erolcha
  7623 | D:9      | HP: 26/107 [Erolcha/+5 spectral giant club (44)]
  7624 | D:9      | HP: 2/107 [Erolcha/+5 spectral giant club (23)]
  7625 | D:9      | Killed Erolcha
  7626 | D:9      | Reached skill level 2 in Evocations
  7811 | D:10     | Entered Level 10 of the Dungeon
  7892 | D:10     | Found Dorad's Distillery.
  7901 | D:10     | Bought a potion of mutation for 96 gold pieces
  7901 | D:10     | Bought a potion of flight for 36 gold pieces
  7901 | D:10     | Bought a potion of haste for 120 gold pieces
  7912 | D:10     | Noticed a two-headed ogre
  7914 | D:10     | Noticed a two-headed ogre
  7951 | D:9      | Killed a two-headed ogre
  7952 | D:9      | Reached XP level 11. HP: 73/115 MP: 13/13
  8003 | D:9      | Killed a two-headed ogre
  8074 | D:10     | Reached skill level 5 in Throwing
  8196 | D:10     | Reached skill level 5 in Invocations
  8276 | D:10     | Found a staircase to the Lair.
  8281 | D:10     | Noticed an oklob plant
  8313 | D:10     | Reached skill level 11 in Unarmed Combat
  8648 | D:10     | Killed an oklob plant
  8663 | Lair:1   | Entered Level 1 of the Lair of Beasts
  8789 | Lair:1   | Reached skill level 3 in Evocations
  9153 | Lair:1   | Found a stormy altar of Qazlal.
  9521 | Lair:1   | Identified a potion of experience
  9522 | Lair:1   | Reached skill level 14 in Unarmed Combat
  9522 | Lair:1   | Reached XP level 12. HP: 126/126 MP: 15/15
 10347 | Lair:2   | Reached skill level 6 in Throwing
 10347 | Lair:2   | Reached skill level 6 in Invocations
 10353 | Lair:2   | You add the spells Sting, Poisonous Vapours and Olgreb's
                  | Toxic Radiance to your library.
 10467 | Lair:2   | Found a hole to the Spider Nest.
 10627 | Lair:2   | Found a staircase to the Shoals.
 10796 | Lair:2   | Reached *** piety under the Shining One
 10833 | Lair:3   | Noticed Sonja
 10833 | Lair:3   | Noticed Urug
 10843 | Lair:2   | HP: 23/116 [Urug/+5 great sword of electrocution (23)]
 10843 | Lair:2   | HP: 4/116 [Urug/+5 great sword of electrocution (19)]
 10969 | Lair:3   | Noticed a death yak
 10969 | Lair:3   | Noticed a death yak
 10981 | Lair:3   | Killed a death yak
 10982 | Lair:3   | Reached skill level 10 in Fighting
 10982 | Lair:3   | Reached skill level 4 in Evocations
 11069 | Lair:3   | Noticed a death yak
 11080 | Lair:2   | Killed a death yak
 11081 | Lair:2   | Reached XP level 13. HP: 100/133 MP: 16/16
 11121 | Lair:2   | Killed Sonja
 11141 | Lair:3   | You fall into a shaft and drop 2 floors!
 11141 | Lair:5   | Entered Level 5 of the Lair of Beasts
 11194 | Lair:5   | HP: 23/133 [12-headed hydra (13)]
 11195 | Lair:5   | HP: 11/133 [13-headed hydra (8)]
 11195 | Lair:5   | HP: 5/133 [13-headed hydra (6)]
 11195 | Lair:5   | Slain by a 13-headed hydra

Vanquished Creatures
  Erolcha (D:9)
  Erica (D:8)
  2 two-headed ogres (D:9)
  3 death yaks
  Sonja (Lair:2)
  Pikel (D:4)
  An oklob plant (D:10)
  2 black mambas
  A merfolk siren (Lair:2)
  2 cane toads (Lair:1)
  A rime drake (Lair:2)
  An unseen horror (D:10)
  A komodo dragon (Lair:1)
  A polar bear (Lair:2)
  4 hornets (D:9)
  7 dream sheep (Lair:1)
  A shadow (D:9)
  A wyvern (D:9)
  2 basilisks (Lair:2)
  2 wraiths (D:10)
  Eustachio (D:4)
  2 steam dragons
  11 yaks
  2 vampire mosquitoes (D:9)
  2 redbacks (Lair:2)
  Menkaure (D:4)
  4 water moccasins
  Duvessa (D:5)
  2 sky beasts (D:7)
  4 orc warriors
  2 ice beasts
  An ogre (D:7)
  A black bear (D:6)
  5 wolves
  3 lemures (D:4)
  4 centaurs
  2 phantoms
  A kobold brigand (D:7)
  10 bullfrogs
  3 gnoll sergeants
  A necrophage (D:4)
  4 scorpions
  4 wights (D:8)
  Dowan (D:5)
  5 howler monkeys (D:7)
  5 hounds
  2 jellies
  A gnoll bouda (D:7)
  2 orc priests
  9 orc wizards
  8 iguanas
  Natasha (thrice) (D:3)
  2 hell rats (Lair:2)
  Robin (D:2)
  17 gnolls
  10 adders
  9 river rats (Lair:2)
  A shadow imp (D:8)
  2 worms
  2 dart slugs
  14 orcs
  10 endoplasms
  3 giant cockroaches
  16 goblins
  5 hobgoblins
  2 jackals (D:4)
  6 quokkas
  5 ball pythons
  10 bats
  6 frilled lizards
  17 kobolds
  10 rats
291 creatures vanquished.

Vanquished Creatures (others)
  3 fungi
  5 plants
8 creatures vanquished.

Grand Total: 299 creatures vanquished

Table legend:
 A = Non-vault XP
 B = Vault XP
 C = Vault XP percentage of total XP
 D = Non-vault monster count
 E = Vault monster count
 F = Vault count percentage of total count
                 A         B        C        D         E       F
            +---------+---------+-------+---------+---------+-------
      Total |   20573 |    6133 |  23.0 |     245 |      43 |  14.9
            +---------+---------+-------+---------+---------+-------
        D:1 |      42 |       0 |   0.0 |      29 |       0 |   0.0
        D:2 |      75 |      36 |  32.4 |      23 |      12 |  34.3
        D:3 |     159 |      36 |  18.5 |      18 |       2 |  10.0
        D:4 |     344 |    1047 |  75.3 |      19 |       3 |  13.6
        D:5 |     518 |     216 |  29.4 |      13 |       2 |  13.3
        D:6 |     860 |       0 |   0.0 |      18 |       0 |   0.0
        D:7 |    1708 |       0 |   0.0 |      31 |       0 |   0.0
        D:8 |    1383 |     839 |  37.8 |      19 |       1 |   5.0
        D:9 |    3717 |    1268 |  25.4 |      16 |       4 |  20.0
       D:10 |    1965 |     565 |  22.3 |      21 |       1 |   4.5
     Lair:1 |    4659 |       0 |   0.0 |      23 |       0 |   0.0
     Lair:2 |    2384 |    1763 |  42.5 |       9 |      16 |  64.0
     Lair:3 |    2060 |       0 |   0.0 |       3 |       0 |   0.0
     Lair:5 |     699 |     363 |  34.2 |       3 |       2 |  40.0
            +---------+---------+-------+---------+---------+-------

Illustrated notes

Table legend:
 A = Kills in this place as a percentage of kills in entire the game.
 B = Kills by you in this place as a percentage of kills by you in the entire game.
 C = Kills by friends in this place as a percentage of kills by friends in the entire game.
 D = Other kills in this place as a percentage of other kills in the entire game.
 E = Experience gained in this place as a percentage of experience gained in the entire game.
 F = Experience gained in this place divided by the number of levels of this place that you have seen.
                   A       B       C       D       E      F
               +-------+-------+-------+-------+-------+----------------------
         Total | 100.0 | 100.0 |   N/A |   N/A | 100.0 | 1907.6
       Dungeon |  80.6 |  80.6 |   N/A |   N/A |  55.3 | 1477.8
          Lair |  19.4 |  19.4 |   N/A |   N/A |  44.7 | 2982.0
               +-------+-------+-------+-------+-------+----------------------

Table legend: (Time is in decaauts)
 A = Elapsed time spent in this place.
 B = Non-inter-level travel time spent in this place.
 C = Inter-level travel time spent in this place.
 D = Time resting spent in this place.
 E = Time spent auto-exploring this place.
 F = Levels seen in this place.
 G = Mean time per level.
                   A        B        C        D        E       F      G
               +--------+--------+--------+--------+--------+-----+--------+
         Total |  11211 |  10753 |    458 |    742 |   7744 |  14 |  800.8 |
       Dungeon |   8707 |   8313 |    394 |    411 |   6111 |  10 |  870.7 |
          Lair |   2503 |   2440 |     63 |    331 |   1633 |   4 |  625.8 |
               +--------+--------+--------+--------+--------+-----+--------+

Top non-repeatable levels by time:
  Lair:1: 1372 daAuts
     D:9: 1097 daAuts
     D:7: 1096 daAuts
     D:4: 1015 daAuts
     D:3: 983 daAuts
  Lair:2: 929 daAuts
     D:6: 917 daAuts
     D:2: 815 daAuts
     D:5: 805 daAuts
    D:10: 735 daAuts
     D:8: 711 daAuts
     D:1: 530 daAuts
  Lair:3: 149 daAuts
  Lair:5: 52 daAuts
